 Dungeon Crawl Stone Soup version 0.23.2-1-ga50397a (webtiles) character file.

Game seed: 11305619222946540538

6432 HASTUR3 the Grappler (level 10, -4/77 HPs)
             Began as a Demonspawn Gladiator on May 29, 2019.
             Was a Follower of Uskayaw.
             Slain by a yaktaur captain (20 damage)
             ... on level 10 of the Dungeon.
             The game lasted 00:53:38 (11839 turns).

HASTUR3 the Grappler (Demonspawn Gladiator)        Turns: 11839, Time: 00:53:39

Health: -4/77      AC:  6    Str: 17    XL:     10   Next: 67%
Magic:  0/25       EV: 16    Int: 12    God:    Uskayaw [*.....]
Gold:   538        SH:  0    Dex: 16    Spells: 13/15 levels left

rFire    . . .     SeeInvis .   z - +0 blowgun
rCold    . . .     Gourm    .   (no shield)
rNeg     . . .     Faith    .   H - +0 troll leather armour
rPois    .         Spirit   +   b - +0 helmet
rElec    .         Reflect  .   (no cloak)
rCorr    .         Harm     .   (no gloves)
MR       .....                  k - +0 pair of boots
Stlth    +.........             (no amulet)
HPRegen  0.62/turn              x - +3 ring of intelligence
MPRegen  0.38/turn              C - ring of magical power

@: no status effects
A: claws 1, foul stench 1, magic shield, magic regeneration, rot immunity
a: Stomp, Renounce Religion


You were on level 10 of the Dungeon.
You worshipped Uskayaw.
Uskayaw was aware of your devotion.
You were hungry.

You visited 2 branches of the dungeon, and saw 11 of its levels.

You collected 613 gold pieces.
You spent 75 gold pieces at shops.

Inventory:

Hand Weapons
 z - a +0 blowgun (weapon)
Missiles
 c - a throwing net
 f - 7 tomahawks
 n - 5 silver javelins
 u - 12 poisoned needles (quivered)
Armour
 b - a +0 helmet (worn)
 e - a +2 robe of positive energy
 k - a +0 pair of boots (worn)
 H - a +0 troll leather armour (worn)
Jewellery
 j - an uncursed ring of wizardry {unknown}
 t - an uncursed ring of flight
 x - a +3 ring of intelligence (left claw)
 A - an uncursed ring of resist corrosion
 C - a ring of magical power (right claw)
Wands
 a - a wand of disintegration (13)
 r - a wand of paralysis (11)
 w - a wand of iceblast (5)
Scrolls
 g - a scroll of brand weapon
 h - 5 scrolls of teleportation
 i - 6 scrolls of remove curse
 m - 2 scrolls of enchant armour
 o - a scroll of immolation
 p - a scroll of noise
 s - 4 scrolls of amnesia
 y - 2 scrolls of enchant weapon
 B - 2 scrolls of blinking
Potions
 q - a potion of might
 D - a potion of brilliance
 F - a potion of flight
Comestibles
 d - 22 rations


   Skills:
 - Level 6.8 Fighting
 - Level 5.1 Throwing
 - Level 6.5 Dodging
 + Level 8.8 Unarmed Combat
 - Level 3.0 Spellcasting
 - Level 3.7 Hexes
 - Level 8.2 Invocations


You had 13 spell levels left.
You knew the following spells:

 Your Spells              Type           Power        Failure   Level  Hunger
a - Slow                  Hex            ##......     10%         2    ###....

Your spell library contained the following spells:

 Spells                   Type           Power        Failure   Level  Hunger
 Magic Dart               Conj           #...         30%         1    #......
 Blink                    Tloc           N/A          41%         2    ###....
 Call Imp                 Summ           #.......     41%         2    ###....
 Conjure Flame            Conj/Fire      #.......     65%         3    ###....
 Mephitic Cloud           Conj/Pois/Air  #.......     65%         3    ###....


Dungeon Overview and Level Annotations

Branches:
Dungeon (10/15)            Temple (1/1) D:7            Lair (0/6) D:9
    Orc: D:9-12

Altars:
Ashenzari
Cheibriados
Dithmenos
Elyvilon
Fedhas
Gozag
Hepliaklqana
Kikubaaqudgha
Makhleb
Nemelex Xobeh
Okawaru
Qazlal
Ru
Sif Muna
Trog
Uskayaw
Vehumet
Wu Jian
Xom
Yredelemnul
Zin
The Shining One

Shops:
D:3 *   D:8 ?


Innate Abilities, Weirdness & Mutations

You have sharp fingernails.
You may emit foul miasma when damaged in melee.
When hurt, damage is shared between your health and your magic reserves.
You regenerate magic rapidly.
You are immune to rotting.


Message History

z - a +0 blowgun (weapon)
You aren't carrying any weapons that can be branded.
You see here 2 bolts.
You see here a bolt.
You see here a bolt.
You open the door.
There is an open door here.
The yaktaur captain shouts!
The yaktaur captain shoots a bolt.
The bolt hits you!!
The yaktaur captain shoots a bolt.
The bolt hits you!
You see here a bolt.
The yaktaur captain shoots a bolt.
The bolt hits you!!
You see here a bolt.
The yaktaur captain shoots a bolt.
The bolt hits you!!
* * * LOW HITPOINT WARNING * * *
You see here a bolt.
You feel better.
The yaktaur captain unwields a +0 arbalest.
The yaktaur captain hits you!!
You die...

#.....##.###(###.##......#.......
#......##.##(##.##.......#...##..
#.......##.#'#.##........#...##..
#....#...##...##...#.....#.......
#....##...##.##...##.....'...<...
#....###...#.#...###.....#######+
###......#...###(..#....##.#.....
#......#......c).#....#..#.....
#......#.....(@..#....'..'.....
#......#....^(...'....#..#.....
#......#....(....#>...#..#.....
#......#..(......#....#..#.....
#+#......##...####......####.....
......#####...#....####.....#####
......'.......#....# #.....#
......#.......#....# #.....#
......#########....# #.....#


You could see a yaktaur captain.

Vanquished Creatures
  2 two-headed ogres (D:10)
  Pikel (D:5)
  A komodo dragon (D:9)
  2 trolls
  Grinder (D:3)
  A hornet (D:8)
  A wyvern (D:8)
  Menkaure (D:5)
  A hornet zombie (D:10)
  A sky beast (D:8)
  3 orc warriors
  2 slaves (D:5)
  2 ice beasts
  2 phantoms
  4 ogres
  4 bullfrogs
  4 scorpions
  A water moccasin skeleton (D:6)
  5 killer bees (D:8)
  A howler monkey (D:6)
  A bullfrog zombie (D:10)
  4 hounds
  4 crimson imps
  A jelly (D:7)
  A gnoll shaman (D:5)
  4 orc priests
  A centaur skeleton (D:9)
  Natasha (thrice) (D:2)
  4 iguanas
  6 orc wizards
  8 worker ants
  A hound zombie (D:8)
  2 hound skeletons
  A howler monkey zombie (D:7)
  2 worker ant zombies
  12 adders
  12 gnolls
  A shadow imp (D:10)
  An ooze (D:3)
  5 worms
  3 leopard geckos (D:2)
  17 orcs
  2 ball pythons
  11 bats
  3 giant cockroaches
  7 goblins
  3 hobgoblins
  10 jackals
  2 quokkas (D:3)
  6 frilled lizards
  10 kobolds
  A leopard gecko skeleton (D:4)
  A quokka skeleton (D:4)
  9 rats
199 creatures vanquished.

Vanquished Creatures (others)
  A shadow (D:10)
  A slave (D:5)
  A plant (D:9)
3 creatures vanquished.

Grand Total: 202 creatures vanquished

Notes
Turn   | Place    | Note
-------+----------+-------------------------------------------
     0 | D:1      | HASTUR3 the Demonspawn Gladiator began the quest for the
                  | Orb.
     0 | D:1      | Reached XP level 1. HP: 16/16 MP: 1/1
   559 | D:1      | Gained mutation: When hurt, damage is shared between your
                  | health and your magic reserves. [demonic ancestry]
   559 | D:1      | Reached XP level 2. HP: 14/22 MP: 2/2
   915 | D:2      | Noticed Natasha
   931 | D:2      | Noticed a crimson imp
  1318 | D:2      | Noticed a crimson imp
  1322 | D:2      | Killed Natasha
  1322 | D:2      | Gained mutation: You have sharp fingernails. [demonic
                  | ancestry]
  1322 | D:2      | Reached XP level 3. HP: 3/28 MP: 0/3
  1324 | D:2      | HP: 1/28 [frilled lizard (2)]
  1938 | D:2      | Reached XP level 4. HP: 32/34 MP: 4/4
  2030 | D:2      | Noticed a moth of wrath
  2033 | D:2      | Found a bloodstained altar of Trog.
  2258 | D:2      | Noticed Natasha
  2265 | D:2      | Killed Natasha
  2360 | D:2      | Noticed Natasha
  2371 | D:2      | Killed Natasha
  2494 | D:3      | Gained mutation: You are immune to rotting. [demonic
                  | ancestry]
  2494 | D:3      | Reached XP level 5. HP: 41/41 MP: 5/5
  2741 | D:3      | Noticed Grinder
  2745 | D:3      | Paralysed by Grinder for 6 turns
  2753 | D:3      | Killed Grinder
  2753 | D:3      | Reached XP level 6. HP: 24/48 MP: 4/6
  2994 | D:3      | Found an opulent altar of Gozag.
  2996 | D:3      | Found Gozag's Platinum Reserve.
  3721 | D:4      | Reached XP level 7. HP: 45/55 MP: 7/7
  4242 | D:4      | Found a glowing silver altar of Zin.
  4362 | D:5      | Entered Level 5 of the Dungeon
  4801 | D:5      | Noticed Pikel
  4832 | D:5      | Killed Pikel
  4832 | D:5      | Reached skill level 5 in Fighting
  4832 | D:5      | Reached skill level 5 in Dodging
  4832 | D:5      | Reached skill level 5 in Unarmed Combat
  4832 | D:5      | Gained mutation: You may emit foul miasma when damaged in
                  | melee. [demonic ancestry]
  4832 | D:5      | Reached XP level 8. HP: 53/63 MP: 5/8
  4916 | D:5      | Found an iron altar of Okawaru.
  4988 | D:5      | Noticed Menkaure
  5004 | D:5      | Killed Menkaure
  5004 | D:5      | Reached skill level 1 in Spellcasting
  5305 | D:5      | Found a shimmering altar of Xom.
  5603 | D:6      | Found a radiant altar of Vehumet.
  6317 | D:6      | Found a hide-covered altar of Uskayaw.
  6348 | D:6      | Became a worshipper of Uskayaw the Reveler
  6369 | D:6      | Reached * piety under Uskayaw
  6370 | D:6      | Gained mutation: You regenerate magic rapidly. [demonic
                  | ancestry]
  6370 | D:6      | Reached XP level 9. HP: 62/69 MP: 11/13
  6813 | D:7      | Found a glowing golden altar of the Shining One.
  6826 | D:7      | Reached ** piety under Uskayaw
  6839 | D:7      | Found a basalt altar of Yredelemnul.
  6841 | D:7      | Noticed a profane servitor
  6867 | D:7      | Found a staircase to the Ecumenical Temple.
  7016 | D:7      | Found a burning altar of Makhleb.
  7347 | D:7      | Noticed an angel
  7371 | Temple   | Entered the Ecumenical Temple
  7527 | D:8      | Paralysed by a hornet for 2 turns
  7531 | D:8      | Reached skill level 5 in Throwing
  7827 | D:8      | Reached *** piety under Uskayaw
  7958 | D:8      | Reached **** piety under Uskayaw
  7963 | D:8      | Reached ***** piety under Uskayaw
  7967 | D:8      | Reached skill level 5 in Invocations
  8417 | D:8      | Learned a level 2 spell: Slow
  8417 | D:8      | Found Begar's Magic Scroll Shoppe.
  8435 | D:8      | Bought a scroll of blinking for 75 gold pieces
  8518 | D:8      | Reached skill level 1 in Hexes
  8773 | D:9      | Noticed a troll
  8787 | D:9      | Killed a troll
  9076 | D:9      | Reached XP level 10. HP: 46/77 MP: 15/15
  9111 | D:9      | Found a staircase to the Lair.
  9791 | D:9      | Found a blossoming altar of Fedhas.
  9912 | D:9      | Found a white marble altar of Elyvilon.
  9912 | D:9      | Found a sparkling altar of Nemelex Xobeh.
 10132 | D:9      | Found a stormy altar of Qazlal.
 10252 | D:10     | Entered Level 10 of the Dungeon
 10418 | D:10     | Noticed a two-headed ogre
 10485 | D:10     | Killed a two-headed ogre
 10869 | D:10     | Noticed a two-headed ogre
 10929 | D:10     | Killed a two-headed ogre
 11357 | D:10     | Found a runed translucent door.
 11370 | D:10     | Noticed a fire dragon
 11374 | D:10     | Noticed a yaktaur captain
 11839 | D:10     | Slain by a yaktaur captain

Skill      XL: |  1  2  3  4  5  6  7  8  9 10 |
---------------+-------------------------------+-----
Throwing       | 2 3 4 5 |  5.1
Unarmed Combat | 3 4 5 6 8 |  8.8
Dodging        | 3 4 5 6 |  6.5
Fighting       | 3 4 5 6 |  6.8
Spellcasting   | 2 3 |  3.0
Invocations    | 7 8 |  8.2
Hexes          | 2 3 |  3.7

Action                   |  1- 3 |  4- 6 |  7- 9 | 10-12 || total
-------------------------+-------+-------+-------+-------++-------
Melee: Unarmed           |    94 |   164 |   444 |   175 ||   877
       Punch             |       |     2 |    13 |    10 ||    25
 Fire: Blowgun           |       |       |       |    17 ||    17
Throw: Stone             |    18 |    25 |       |       ||    43
       Tomahawk          |    15 |    22 |    48 |    32 ||   117
       Javelin           |       |     8 |    11 |     1 ||    20
       Throwing net      |       |       |     3 |     3 ||     6
 Cast: Slow              |       |       |     9 |    13 ||    22
  Use: Potion            |     3 |       |     5 |    12 ||    20
       Scroll            |     1 |     2 |     1 |    14 ||    18
 Stab: Sleeping          |       |     1 |     1 |       ||     2
       Distracted        |       |       |     2 |       ||     2
       Paralysed         |       |       |     3 |     2 ||     5
       Held in net/web   |       |       |     2 |       ||     2
  Eat: Chunk             |     3 |     6 |    17 |    10 ||    36
Armor: Leather armour    |    28 |    38 |    60 |       ||   126
       Robe              |       |       |     6 |     8 ||    14
       Troll leather arm |       |       |       |     2 ||     2
Dodge: Dodged            |    62 |    96 |   270 |    91 ||   519
